AoeStats
← DanielMorfeo

Arena

507067675Analyzed
1v1 RM · 16d ago on Sep 16, 2026· 23m 26s· 2 players
Game mode
Random Map
Map size
Tiny (2 player)
Population
200
Speed
Normal
Resources
Standard
Victory
Conquest
Starting age
Dark Age
Ending age
Imperial Age
RankedLock teamsTeams togetherTeam positionsShared explorationLock speedFull tech treeHidden civsTurbo modeCheats
Victory
Defeat
🇫🇷 Turks · France
796
+17
🇨🇴 Teutons · Colombia
809
-17
Samarium
13:04 Feudal Age
16:53 Castle Age
21:06 Imperial Age
23:07 Double-Bit Axe
DanielMorfeo
0:37 Loom
12:08 Feudal Age
12:41 Double-Bit Axe
12:49 Gold Mining
12:50 Horse Collar
18:45 Castle Age
17:26 Stone Mining
17:53 Forging
18:35 Scale Mail Armor
20:26 Bow Saw
20:19 Heavy Plow
Connection lost

Rejoining the realm…

Still unreachable

The connection could not be restored.

Session expired

The server has moved on; the page needs a fresh start.